Map: [ESL] Oceanborn

Players

Scarlett - Winner!

  • Race: Zerg Zerg
  • Spawn Location: 11:00

Solar

  • Race: Zerg Zerg
  • Spawn Location: 5:00

Event: IEM Katowice 2024

VOD

Have the link to the VOD?

Description

Time

  • Played on: Feb. 8, 2024, 6:38 a.m.
  • Length: 8:26

All games in this series

Show
View Real Time Build Order
Export as new Build Order

Scarlett Zerg - Winner!

Build Orders: Hatch First 

Get SALT Encoding   

  12  0:00  Drone  
  13  0:12  Overlord  
  13  0:17  Drone  
  14  0:30  Drone x2  
  16  0:46  Hatchery  
  15  0:50  Drone  
  15  0:54  Drone  
  17  0:57  Drone  
  18  1:09  Extractor  
  17  1:12  Spawning Pool  
  17  1:15  Drone  
  18  1:18  Drone  
  18  1:27  Drone  
  19  1:38  Drone  
  20  1:49  Drone  
  21  1:58  Queen x2  
  21  1:59  Zergling x2, Overlord  
  26  2:08  Metabolic Boost  
  26  2:09  Drone  
  26  2:11  Drone  
  28  2:21  Zergling x2  
  28  2:22  Drone  
  30  2:32  Drone x2  
  32  2:37  Hatchery  
  32  2:41  Drone  
  32  2:47  Baneling Nest  
  32  2:48  Overlord  
  31  2:54  Drone x2  
  33  3:05  Drone x2  
  34  3:08  Drone x5  
  39  3:13  Zergling x2  
  39  3:17  Queen  
  42  3:21  Overlord  
  42  3:23  Zergling x2  
  43  3:31  Baneling  
  43  3:36  Baneling  
  43  3:40  Zergling x2  
  43  3:41  Zergling x14  
  51  3:45  Baneling x2  
  51  3:53  Baneling  
  51  3:56  Drone x5  
  56  4:07  Drone x2  
  56  4:08  Extractor  
  56  4:09  Roach Warren  
  56  4:12  Overlord  
  56  4:13  Drone x2  
  57  4:17  Extractor, Lair  
  57  4:20  Overlord  
  55  4:28  Drone x2, Overlord  
  57  4:31  Overlord  
  57  4:37  Drone  
  57  4:38  Drone x4  
  62  4:43  Evolution Chamber  
  61  4:55  Roach x8  
  74  5:04  Roach x3  
  74  5:06  Roach  
  74  5:07  Overlord  
  80  5:11  Roach  
  80  5:12  Roach  
  85  5:14  Zergling x6  
  85  5:18  Overlord  
  85  5:21  Roach  
  89  5:28  Overlord  
  89  5:31  Glial Reconstitution  
  89  5:32  Drone x5  
  93  5:40  Drone x6  
  97  5:43  Extractor  
  97  5:44  Extractor  
  97  5:45  Zerg Missile Weapons Level 1  
  97  5:46  Drone  
  96  5:54  Drone x4  
  100  6:02  Drone x4  
  103  6:06  Extractor  
  103  6:09  Overlord x2  
  106  6:11  Roach x2  
  106  6:14  Nydus Network  
  106  6:16  Roach  
  107  6:23  Roach x3  
  112  6:28  Roach  
  112  6:29  Roach x5  
  122  6:34  Overlord  
  122  6:35  Roach x3  
  128  6:44  Overlord x3  
  128  6:53  Overseer  
  128  6:55  Roach x3  
  128  6:57  Nydus Canal, Roach  
  136  7:03  Overlord  
  136  7:04  Roach x3  
  136  7:07  Roach  
  140  7:16  Roach x5  
  140  7:19  Roach x3  
  140  7:22  Roach x2  
  145  7:26  Nydus Canal  
  145  7:27  Roach  
  135  7:30  Roach x3  
  135  7:31  Roach  
  135  7:34  Roach  
  135  7:38  Roach  
  135  7:41  Nydus Canal  
  135  7:42  Roach  
  137  7:45  Roach  
  137  7:51  Roach x3  
  137  7:53  Drone x5  
  132  8:00  Roach  
  132  8:04  Nydus Canal  
  122  8:07  Roach x5  
  130  8:19  Hatchery  
  123  8:20  Nydus Canal  
Show
View Real Time Build Order
Export as new Build Order

Solar Zerg 

Build Orders: Hatch First 

Get SALT Encoding   

  12  0:00  Drone  
  13  0:12  Overlord  
  13  0:17  Drone  
  14  0:30  Drone x2  
  16  0:48  Hatchery  
  15  0:52  Drone  
  15  0:54  Drone  
  17  0:57  Drone  
  18  1:09  Extractor  
  17  1:13  Spawning Pool  
  17  1:16  Drone  
  17  1:19  Drone  
  18  1:28  Drone  
  19  1:39  Drone  
  20  1:50  Drone  
  21  2:00  Queen x2  
  25  2:02  Zergling x2  
  25  2:03  Overlord  
  26  2:09  Metabolic Boost  
  26  2:11  Drone x2  
  29  2:22  Zergling x2  
  29  2:23  Drone  
  30  2:33  Hatchery  
  30  2:37  Drone  
  30  2:38  Drone  
  31  2:46  Drone  
  31  2:50  Baneling Nest  
  31  2:52  Overlord  
  31  2:55  Drone  
  31  2:56  Drone  
  33  3:05  Zergling x2  
  33  3:08  Drone  
  33  3:12  Zergling x4  
  37  3:13  Drone x2  
  37  3:15  Drone x2  
  41  3:20  Overlord  
  41  3:23  Zergling x2  
  42  3:32  Drone x2  
  42  3:33  Baneling  
  44  3:40  Drone x4  
  48  3:42  Drone, Roach Warren  
  48  3:45  Zergling x4  
  50  3:49  Drone  
  50  3:51  Queen  
  53  3:56  Overlord  
  53  3:58  Drone  
  53  4:00  Extractor, Drone  
  53  4:02  Drone  
  54  4:07  Overlord  
  54  4:09  Overlord  
  54  4:14  Overlord  
  54  4:17  Baneling x2  
  53  4:18  Drone  
  53  4:20  Overlord  
  53  4:23  Drone x2  
  56  4:25  Drone  
  56  4:27  Drone x3  
  60  4:33  Roach x3  
  60  4:37  Lair  
  66  4:42  Drone x2  
  66  4:43  Evolution Chamber  
  66  4:44  Extractor  
  68  4:45  Drone x2  
  68  4:48  Roach  
  68  4:49  Baneling x2  
  68  4:52  Roach  
  72  4:56  Zergling x6  
  75  5:04  Drone x5  
  75  5:06  Drone  
  80  5:10  Drone  
  80  5:11  Drone  
  82  5:15  Zerg Missile Weapons Level 1  
  82  5:16  Extractor  
  82  5:17  Overlord  
  82  5:18  Extractor, Overlord  
  82  5:19  Drone  
  81  5:26  Queen  
  83  5:32  Drone x4  
  83  5:35  Drone x3  
  85  5:37  Drone  
  85  5:40  Glial Reconstitution  
  85  5:41  Overseer  
  85  5:42  Overlord  
  85  5:45  Drone, Roach  
  85  5:47  Roach  
  94  5:50  Roach x2  
  94  5:52  Spine Crawler  
  94  5:54  Roach  
  94  5:56  Roach  
  97  6:00  Overlord  
  97  6:03  Roach x2  
  101  6:07  Extractor  
  101  6:09  Overlord x3  
  101  6:10  Overseer  
  100  6:11  Roach x2  
  104  6:18  Roach  
  104  6:19  Roach x2  
  106  6:27  Roach  
  106  6:28  Roach  
  109  6:33  Drone x3  
  109  6:36  Drone  
  109  6:37  Pneumatized Carapace  
  113  6:40  Overlord  
  113  6:41  Drone x2  
  113  6:43  Drone x2  
  113  6:44  Drone  
  118  6:48  Overlord  
  118  6:51  Roach x2  
  118  6:53  Overseer  
  122  6:57  Evolution Chamber  
  122  6:58  Baneling x2  
  122  7:00  Roach x4  
  129  7:04  Roach x2  
  129  7:06  Overlord  
  129  7:08  Roach  
  135  7:10  Roach  
  135  7:12  Roach  
  135  7:14  Roach x2  
  143  7:16  Roach  
  143  7:20  Roach x2  
  131  7:25  Roach x3  
  131  7:27  Roach  
  129  7:31  Roach x2  
  129  7:34  Roach x2  
  129  7:35  Roach  
  129  7:36  Roach  
  123  7:41  Roach x3  
  123  7:44  Roach x2  
  127  7:49  Roach  
  127  7:52  Roach x2  
  127  7:57  Roach  
  116  8:04  Roach  
  111  8:07  Roach  

Tags
 
Add a new tag
Caveats
  • Supply blocks, unpowered buildings, or Contaminate may cause inaccurate times.
  • Supply counts are checked every 10 seconds.